 Dungeon Crawl Stone Soup version 0.13.2 (webtiles) character file.

660 t04st the Ducker (level 6, -1/62 HPs)
             Began as a Troll Berserker on Mar 13, 2017.
             Was a Priest of Trog.
             Slain by an orc wizard
             ... wielding a +0,+0 orcish mace
              (8 damage)
             ... on Level 4 of the Dungeon on Mar 16, 2017.
             The game lasted 00:09:46 (2303 turns).

t04st the Ducker (Troll Berserker)                  Turns: 2303, Time: 00:09:46

HP  -1/62        AC  5     Str 26      XL: 6   Next: 66%
MP   2/2         EV  8     Int  3      God: Trog [***...]
Gold 231         SH 16     Dex 11      Spells:  0 memorised,  5 levels left

Res.Fire  : . . .   See Invis. : .     - Unarmed
Res.Cold  : . . .   Warding    : .   b - +0 animal skin
Life Prot.: . . .   Conserve   : .   k - +0 dwarf shield
Res.Poison: .       Res.Corr.  : .   (helmet restricted)
Res.Elec. : .       Clarity    : .   (no cloak)
Sust.Abil.: . .     Spirit.Shd : .   (gloves unavailable)
Res.Mut.  : .       Stasis     : .   (boots unavailable)
Res.Rott. : .       Flight     : .   (no amulet)
Gourmand  : +                        (no ring)
                                     a - ring of wizardry

@: exhausted, mildly poisoned, slowed, very slow, slightly resistant to hostile
enchantments, unstealthy
A: unfitting armour, claws 3, fast metabolism 3, gourmand, regeneration 2,
saprovore 2, tough skin 2, AC +1
a: Burn Spellbooks, Berserk, Trog's Hand, Renounce Religion


You were on level 4 of the Dungeon.
You worshipped Trog.
Trog was most pleased with you.
You were not hungry.

You visited 1 branch of the dungeon, and saw 4 of its levels.

You collected 211 gold pieces.

Inventory:

Hand weapons
 g - a +2,+1 dwarven hand axe (quivered)
Armour
 b - a +0 animal skin (worn)
 k - a +0 dwarven shield (worn)
Scrolls
 c - 2 scrolls of enchant weapon II
 e - a scroll of enchant armour
 h - 3 scrolls of remove curse {unknown}
 i - a scroll of teleportation
 m - a scroll of fear
Jewellery
 a - a ring of wizardry (left claw)
Potions
 f - 3 potions of curing
 j - 2 potions of brilliance
 l - a potion of heal wounds


   Skills:
 + Level 3.3 Fighting
 + Level 4.8 Dodging
 + Level 1.1 Stealth
 + Level 4.6 Unarmed Combat


You had 5 spell levels left.
You didn't know any spells.

Dungeon Overview and Level Annotations

Branches:
Dungeon (4/27)
 Temple: D:4-7

Altars:
Nemelex Xobeh


Innate Abilities, Weirdness & Mutations

You are too large for most types of armour.
You have claws for hands.
Your metabolism is lightning-fast.
You like to eat raw meat.
You heal very quickly.
You can eat rotten meat.
You are covered in fur (AC +1).
You have very tough skin (AC +2).


Message History

* * * LOW HITPOINT WARNING * * *
You see here an orcish dagger.
You hear some strange, mumbled words.
Something tries to affect you, but you resist.
You hear some strange, mumbled words.
Something tries to affect you, but you resist.
The magic dart hits you!
* * * LOW HITPOINT WARNING * * *
* * * LOW HITPOINT WARNING * * *
You feel sick. It hits you.
* * * LOW HITPOINT WARNING * * *
You block its attack.
An orc wizard appears from thin air!
Reactivating autopickup.
You hit the orc wizard.
The orc wizard begins to bleed from its wounds!
The orc wizard is moderately wounded.
The orc wizard hits you with an orcish mace!
You die...

.... .# ...# #.# ... ...
..# ...###.#####..#
.......##.....###..
...<.....#..........
#.#%))......###
#.##..)([....#....
.#...@o..######.#.##
#......................
+...).........<#########
#####....(..............
#.###...#.#.######## ...
#...#.#<......# ###
#...#.#...#.#.#
#.#.#.#...# #.#.#.#.....


You could see an orc wizard (bleeding).

Vanquished Creatures
  Grinder (D:3)
  An orc priest (D:3)
  An orc wizard (D:3)
  Ijyb (D:3)
  Terence (D:2)
  5 adders
  2 oozes
  5 orcs
  A ball python (D:2)
  3 giant cockroaches
  7 hobgoblins
  A quokka (D:2)
  6 bats
  3 giant geckos
  A giant newt (D:1)
  9 goblins
  10 kobolds
  9 rats
67 creatures vanquished.

Notes
Turn   | Place    | Note
--------------------------------------------------------------
     0 | D:1      | t04st, the Troll Berserker, began the quest for the Orb.
     0 | D:1      | Reached XP level 1. HP: 23/23 MP: 0/0
   121 | D:1      | Reached XP level 2. HP: 31/31 MP: 0/0
   371 | D:1      | Acquired Trog's second power
   681 | D:2      | Found a sparkling altar of Nemelex Xobeh.
   708 | D:2      | Reached XP level 3. HP: 39/39 MP: 1/1
   960 | D:2      | Reached XP level 4. HP: 30/46 MP: 1/1
  1021 | D:2      | Noticed Terence
  1029 | D:2      | Killed Terence
  1399 | D:3      | Reached skill level 4 in Unarmed Combat
  1399 | D:3      | Reached XP level 5. HP: 53/53 MP: 1/1
  1574 | D:3      | Noticed Grinder
  1580 | D:3      | Paralysed by Grinder for 7 turns
  1590 | D:3      | Paralysed by Grinder for 7 turns
  1605 | D:3      | Killed Grinder
  1605 | D:3      | Reached skill level 1 in Stealth
  1605 | D:3      | Reached XP level 6. HP: 21/62 MP: 2/2
  1830 | D:3      | Noticed Ijyb
  1850 | D:3      | Killed Ijyb
  2303 | D:4      | Slain by an orc wizard

Action                   |  1- 3 |  4- 6 || total
-------------------------+-------+-------++-------
Melee: Unarmed           |   108 |    87 ||   195
Invok: Berserk           |     1 |     4 ||     5
       Trog's Hand       |       |     2 ||     2
  Use: Scroll            |     7 |     5 ||    12
       Potion            |       |     3 ||     3
 Stab: Sleeping          |     1 |       ||     1
